[Event "Arsen Yeghiazaryan Memorial 2022"]
[Site "Yerevan"]
[Date "2022.07.05"]
[Round "5.4"]
[White "Quparadze, Giga"]
[Black "Hayrapetyan, Hovik"]
[Result "1/2-1/2"]
[ECO "B92"]
[WhiteElo "2482"]
[BlackElo "2481"]
[Annotator "TA"]
[PlyCount "67"]
[EventDate "2022.06.30"]
[EventType "tourn"]
[EventCountry "ARM"]
[SourceTitle "playchess.com"]
[Source "ChessBase"]
[SourceQuality "1"]
[TimeControl "40/5400+30:1800+30"]

1. e4 {[%emt 0:00:02] ChessBase II} c5 2. Nf3 d6 3. d4 cxd4 4. Nxd4 Nf6 5. Nc3 a6 6. Be2 e5 7. Nb3 Be7 8. Be3 O-O 9. g4 Be6 10. g5 Nfd7 11. h4 {[%emt 0:00:28] B92: Sicilian Najdorf: 6 Be2.} Nc6 {[%emt 0:17:48] 11...b5 is a critical line.} 12. Nd5 Rc8 13. Qd2 {[%emt 0:00:38] White is much more active.} (13. c3 $16) 13... f5 14. f3 {[%emt 0:02:17] [#]} Nc5 $146 ({Predecessor:} 14... Kh8 15. O-O-O f4 16. Bf2 Re8 17. Nxe7 Nxe7 18. Qxd6 Rc6 19. Qd2 Qc7 20. Na5 Rxc2+ 21. Qxc2 Qxa5 {1-0 (43) Romanishin,O-Marjanovic,S Yerevan 1971 EXT 2001 [ChessBase II]}) 15. c3 b5 16. exf5 (16. O-O-O $14) 16... Bxf5 17. Rd1 e4 (17... Qe8 $11 {remains equal.}) 18. O-O $16 exf3 19. Bxf3 (19. Nxe7+ $6 Qxe7 20. Bxf3 Be4 21. Bxe4 Rxf1+ 22. Rxf1 Qxe4 $11) 19... Ne5 20. Bg2 ({Better is} 20. Nxc5 $1 dxc5 21. Bg2) 20... Ncd3 $2 (20... Bg4 $16 {keeps fighting.}) 21. Nd4 Bg4 {[%emt 0:00:14] [#]} 22. Rxf8+ (22. Qc2 $1 $18 Nc5 23. Nf5 Rxf5 24. Rxf5) 22... Bxf8 23. Rf1 Qe8 24. Nf5 ({White should play} 24. Bf2 $16) 24... Bxf5 $14 25. Rxf5 {[%emt 0:00:07] Black must now prevent Qe2.} Qh5 {[%emt 0:00:19] Prevents Qe2.} 26. Nb6 (26. Be4 $14) 26... Re8 {[%emt 0:01:00] The position is equal.} 27. Nd7 Qxh4 ({Much less strong is} 27... Nxd7 28. Qxd3 Ne5 29. Bd5+ Kh8 30. Qe4 $16) 28. Bd5+ {[%emt 0:02:53] A strong pair of Bishops.} ({Much worse is} 28. Rxf8+ Rxf8 29. Bd5+ {[#]} Rf7 $1 30. Bxf7+ Kxf7 31. Nxe5+ Nxe5 32. Qd5+ Kg6 33. Qxd6+ Kf5 $17) ({Much weaker is} 28. Nxf8 Qg4 29. Rf1 Rxf8 $17) 28... Kh8 29. Rxf8+ Rxf8 30. Nxf8 Qg3+ 31. Kf1 $1 Qh3+ 32. Kg1 Qg3+ 33. Kf1 $1 Qh3+ 34. Kg1 {[%emt 0:00:08] Weighted Error Value: White=0.25 (precise) /Black=0.24 (precise)} 1/2-1/2

[Event "Arsen Yeghiazaryan Memorial 2022"]
[Site "Yerevan"]
[Date "2022.07.05"]
[Round "5.5"]
[White "Agasarov, Benik"]
[Black "Morchiashvili, Bachana"]
[Result "1/2-1/2"]
[ECO "B76"]
[WhiteElo "2225"]
[BlackElo "2305"]
[Annotator "TA"]
[PlyCount "71"]
[EventDate "2022.06.30"]
[EventType "tourn"]
[EventCountry "ARM"]
[SourceTitle "playchess.com"]
[Source "ChessBase"]
[SourceQuality "1"]
[TimeControl "40/5400+30:1800+30"]

1. e4 c5 2. Nf3 d6 3. d4 cxd4 4. Nxd4 Nf6 5. Nc3 g6 6. Be3 Bg7 7. f3 O-O 8. Qd2 Nc6 9. O-O-O d5 10. exd5 Nxd5 11. Nxc6 bxc6 12. Bd4 e5 13. Bc5 Be6 {[%emt 0:05:05] 13...Re8 is more fashionable.} 14. Ne4 Re8 15. Bc4 Qc7 {[%emt 0:04:04] B76: Sicilian Dragon: Yugoslav Attack, 9 g4 and 9 0-0-0.} 16. h4 {[%emt 0:09:13][%cal Bh2h4,Bh4h5][%mdl 32] With the idea h5.} Rad8 17. Qf2 Nf4 18. Bxe6 (18. Bb3 $5 ) 18... Nxe6 {[%emt 0:00:24] [#]} 19. Bb4 $146 ({Predecessor:} 19. Rxd8 Rxd8 20. Be3 f5 21. Ng5 Nxg5 22. hxg5 e4 23. fxe4 Qa5 24. a3 Qe5 {½-½ (24) Kovacevic,A (2503)-Stankovic,M (2430) Paracin 2022}) 19... Rd5 20. h5 Red8 21. hxg6 (21. Bd2 {seems wilder.} Qb6 22. hxg6 hxg6 23. Qh4) 21... Rxd1+ 22. Rxd1 {[%emt 0:00:05] Really sharp!} Rxd1+ 23. Kxd1 {[%emt 0:00:05] [#] Hoping for gxf7+.} hxg6 24. Bd2 Qb7 25. Kc1 Qa6 26. Kb1 Nd4 27. Qh4 Qf1+ 28. Bc1 {[%emt 0:00:05] [#] And now Qd8+ would win.} Ne6 {[%emt 0:10:07] Inhibits Qd8+.} (28... Qxg2 $5 29. Qd8+ Bf8 30. Nf6+ Kg7 31. Ne8+ Kg8 32. Nf6+ Kg7 33. Ne8+ Kg8 34. Nf6+ $11) 29. Qf2 ({But not} 29. Qe7 $2 Bh6 30. a3 Qxc1+ $19) 29... Qd1 {[%emt 0:01:07] ...Bh6 is the strong threat.} 30. Qd2 {[%emt 0:02:06] Inhibits Bh6.} Qf1 31. Qf2 Qh1 32. Ng3 Qd1 33. Qf1 Qd8 34. Qf2 Qd1 35. Ne4 $2 (35. Qe2 $11 Qg1 36. Qf1 Qxf1 37. Nxf1) 35... Qh1 $2 (35... Bh6 $1 $19 36. a4 Bxc1) 36. Ng3 {[%emt 0:00:01] Weighted Error Value: White=0.43/Black=0.30} 1/2-1/2

[Event "Arsen Yeghiazaryan Memorial 2022"]
[Site "Yerevan"]
[Date "2022.07.06"]
[Round "6.1"]
[White "Yeremyan, Alen"]
[Black "Yeritsyan, Hayk"]
[Result "1-0"]
[ECO "B11"]
[WhiteElo "2233"]
[BlackElo "2249"]
[Annotator "TA"]
[PlyCount "139"]
[EventDate "2022.06.30"]
[EventType "tourn"]
[EventCountry "ARM"]
[SourceTitle "playchess.com"]
[Source "ChessBase"]
[SourceQuality "1"]
[TimeControl "40/5400+30:1800+30"]

1. e4 c6 2. Nc3 d5 3. Nf3 Bg4 4. h3 Bxf3 5. Qxf3 Nf6 6. g3 dxe4 {[%emt 0:01:53] B11: Caro-Kann: Two Knights Variation.} 7. Nxe4 Nxe4 8. Qxe4 Qd5 {[%emt 0:00:08] White is slightly better.} 9. Bg2 Qxe4+ 10. Bxe4 Nd7 {[%emt 0:00:14] [#]} 11. d3 $146 ({Predecessor:} 11. O-O e6 12. d4 Bd6 13. Be3 O-O 14. Bg2 Rfd8 15. Rad1 Nf6 16. c4 Rd7 17. Rd3 {½-½ (48) Sarenac,I (2358)-Mijailovic,Z (2408) Belgrade 2010}) 11... e6 12. Bd2 a5 13. O-O-O a4 14. Rhe1 a3 15. b4 Bd6 16. c3 Nf6 17. Kc2 Kd7 18. c4 Rhd8 19. Bg2 (19. Bc3 {feels hotter.} Ra4 20. Kb3 b5 21. f4) 19... Ne8 20. Kb3 Ra6 21. d4 b5 (21... Nc7 $14) 22. cxb5 $1 $16 cxb5 23. d5 {[%emt 0:02:10] Active counter play!} e5 24. Rc1 Bb8 (24... f6 $16 25. h4 Nc7) 25. h4 $18 f6 26. f4 g6 27. Bf1 Nd6 28. fxe5 fxe5 29. Rxe5 {[%emt 0:02:48] Threatens to win with Bg5. Dancing on a razor blade.} Rf8 30. Bf4 Rb6 31. Re6 Rb7 {[%emt 0:01:21] [#]} 32. Rxd6+ Bxd6 33. Bh3+ {[%emt 0:00:04] A strong pair of Bishops.} Rf5 34. Rc6 Bxf4 35. gxf4 Rb8 36. Bxf5+ gxf5 37. Kxa3 {[%emt 0:03:31][%mdl 4096] Endgame KR-KR} Re8 38. Re6 {[%emt 0:04:28] Black must now prevent Rxe8.} Rc8 39. Kb3 {[%emt 0:04:49] Inhibits Rc3+.} Rc4 40. h5 Rxf4 41. Rf6 (41. Rb6 $1 $18) 41... Rf3+ $16 42. Kc2 {[%emt 0:01:31] Strongly threatening Rb6.} Ke7 (42... f4 $16 {was worth a try.}) 43. Rh6 (43. Rb6 $18 {has better winning chances.}) 43... Rh3 44. Kd2 Ra3 $2 (44... f4 $16 45. Ke2 (45. Rxh7+ Kd6 $16) 45... Kd7) 45. Rxh7+ $18 Kd6 46. Rh8 {[%emt 0:05:11] Threatening mate with h6.} Rxa2+ 47. Ke3 Ke5 48. h6 f4+ 49. Kf3 Ra3+ 50. Ke2 (50. Kg4 $142 Kf6 51. Rb8 Kg6 52. Kxf4 Ra7 53. Rb6+ Kf7 54. h7 Kg7 55. d6 Kxh7 56. Ke5) 50... Ra2+ 51. Ke1 Ra1+ 52. Kd2 Ra2+ 53. Kc3 Ra3+ 54. Kb2 Ra7 (54... Rh3 $2 55. h7 Rh2+ 56. Kc3 Rh3+ 57. Kc2 Rh2+ 58. Kd3 Rh3+ 59. Kc2 Rh2+ 60. Kd3 Rh3+ 61. Ke2 $18) 55. Kc3 $2 ({Resist} 55. h7 Kd4 56. Kc2 Rf7 $18) (55. d6 $18) 55... Kxd5 $2 (55... Ra3+ $11 56. Kb2 Ra7) 56. h7 {[%emt 0:00:05] Intending Rd8+ and mate.} Rc7+ 57. Kd3 Rd7 {[%emt 0:00:03] Inhibits Rd8.} 58. Ke2 {[%emt 0:02:10] White wants to mate with Kf3.} Re7+ 59. Kf3 Ke5 {[%emt 0:00:24] [#]} 60. Kf2 $2 ({White must play} 60. Kg4 $1 $18 {[%cal Rg4f3] White threatens Kf3 and mate.} f3 61. Kxf3 Rf7+ 62. Ke3) 60... Ke4 $11 61. Ke2 Kf5+ 62. Kf3 $2 (62. Kf2 $11 Kg6 63. Rb8 Rxh7 64. Rxb5) 62... Ke5 $18 {[%emt 0:00:04] [#]} 63. Kf2 $2 (63. Kg4 $1 $18 {[%cal Rg4f3] Kf3 would kill now.} f3 64. Kxf3 Rf7+ 65. Ke3) 63... Ke4 $11 64. Ke2 Ke5 $2 (64... Kf5+ $11 65. Kf2 Kg6) 65. Kf3 {[%emt 0:00:23] White mates.} Ke6 66. Kxf4 Rf7+ 67. Kg5 Rg7+ 68. Kh6 Rg1 69. Re8+ Kd5 70. h8=Q {[%emt 0:00:22] Weighted Error Value: White=0.29 (precise) /Black=0.73} 1-0

[Event "Arsen Yeghiazaryan Memorial 2022"]
[Site "Yerevan"]
[Date "2022.07.06"]
[Round "6.2"]
[White "Piliposyan, Robert"]
[Black "Quparadze, Giga"]
[Result "1/2-1/2"]
[ECO "E11"]
[WhiteElo "2287"]
[BlackElo "2482"]
[Annotator "TA"]
[PlyCount "220"]
[EventDate "2022.06.30"]
[EventType "tourn"]
[EventCountry "ARM"]
[SourceTitle "playchess.com"]
[Source "ChessBase"]
[SourceQuality "1"]
[TimeControl "40/5400+30:1800+30"]

1. d4 Nf6 2. c4 e6 3. Nf3 Bb4+ 4. Bd2 a5 5. a3 Bxd2+ 6. Qxd2 b6 {[%emt 0:00:50] E11: Bogo-Indian.} 7. Nc3 Bb7 8. e3 O-O {[%emt 0:00:07] White has an edge.} 9. Be2 Ne4 10. Nxe4 Bxe4 11. O-O d6 {[%emt 0:00:03] [#]} 12. b4 $146 ({Predecessor:} 12. Qc3 Nd7 13. Nd2 Bb7 14. f4 f5 15. Bf3 Bxf3 16. Nxf3 Nf6 17. Rae1 Qe8 18. Nd2 {½-½ (31) Malmstroem,J (1778)-Koutsomichalis,M ICCF email 2017}) 12... Nd7 13. Qc3 Qe7 14. Nd2 Bb7 15. Bf3 Bxf3 16. Nxf3 Nf6 17. Qc2 Qd7 18. b5 c6 19. bxc6 Qxc6 20. Rab1 Rfc8 21. Rfc1 h6 22. h3 Rab8 23. Rb5 Qe8 24. Qb2 Nd7 25. Nd2 Rc7 26. Rb3 Rbc8 27. Rbc3 Qe7 28. Qb5 e5 29. Qd5 Nf6 30. Qb5 Rc6 31. Nf3 Qc7 32. dxe5 Ne4 33. Rb3 d5 (33... Nc5 34. exd6 Rxd6 35. Rbb1 $14) 34. Rb2 (34. Qxd5 Nc5 35. Qd1 Nxb3 36. Qxb3 Rc5 $17) 34... dxc4 35. Nd4 (35. Qd5 $5 c3 36. Rb5 $14) 35... Rc5 36. Qxb6 Qxe5 37. Rb5 Rxb5 38. Qxb5 Rc5 39. Qb1 f5 40. Qa2 Qd5 41. Qa1 Rc8 42. a4 f4 43. f3 Ng3 44. Kh2 $1 Qe5 45. exf4 Qxf4 46. Ne6 {[%emt 0:00:06][%csl Ge6,LRf4,LRg7][%cal Ra1g7] [#]} Nf1+ 47. Kg1 Qe3+ 48. Kxf1 {[%emt 0:00:05][%csl Ge6][%cal Ra1g7] Dancing on a razor blade.} Qxe6 $11 {[%emt 0:00:03][%mdl 4096] Endgame KQR-KQR} 49. Qc3 Qd7 50. Rb1 Kh7 (50... Qxa4 51. Rb7) 51. Qc2+ Kh8 52. Qc3 Qd5 53. Rb5 Qd1+ 54. Kf2 $1 ({Reject} 54. Qe1 Qd3+ 55. Qe2 Qg6 $17) 54... Re8 55. Kg3 ({But not} 55. Rb7 $2 Re2+ 56. Kg3 Qd6+ 57. f4 Qg6+ 58. Kh4 Qxg2 59. Rxg7 Qxg7 $19) 55... Qd6+ 56. Kf2 Qe7 57. Kg3 Qc7+ 58. Kf2 Qa7+ 59. Kf1 Qd7 {[%emt 0:00:20] aiming for ...Qd1+.} 60. Kf2 Qe6 (60... Qe7 $11) 61. Rb7 Qe2+ 62. Kg3 Re5 {[%emt 0:01:54] ...Rg5+ is the strong threat.} 63. h4 $1 {[%emt 0:00:22] Prevents Rg5+.} ({Don't go for} 63. Rb5 $2 Re6 64. Rb8+ Kh7 $19) 63... Qe1+ 64. Qxe1 Rxe1 $14 {[%emt 0:00:03] KR-KR} 65. Rc7 Rc1 66. Rc5 c3 67. Rxa5 Ra1 68. Rc5 Ra3 69. h5 Rxa4 70. Rxc3 Ra5 71. Kh4 Kg8 72. Rc7 Rg5 73. g3 Rf5 74. f4 Ra5 75. Kg4 Kf8 76. Rb7 Rc5 77. Kh4 Rf5 78. Ra7 {[%emt 0:00:15] White is more active.} Rb5 79. g4 Rb4 80. Kg3 Rb3+ 81. Kf2 Rc3 82. Ra5 Kf7 83. Re5 Ra3 84. Re3 Ra4 85. Kf3 Rb4 86. Rc3 Ra4 87. Rc7+ Kf6 88. Rc6+ Kf7 89. Rd6 Rb4 90. Ke3 Ra4 91. Rd4 Ra6 92. Ke4 Re6+ 93. Kf3 Re1 94. g5 (94. Ra4 $16) 94... hxg5 $11 95. fxg5 Rf1+ $1 96. Kg4 Rg1+ 97. Kf5 {[%emt 0:00:03] Hoping for Rd7+.} Rf1+ (97... g6+ $1 $11 {remains equal.} 98. hxg6+ Kg7) 98. Rf4 $16 Ra1 99. g6+ Kg8 100. Rd4 Ra5+ 101. Ke6 Ra6+ 102. Kd7 Ra7+ 103. Kc6 Ra8 {[%emt 0:00:06] Inhibits Rd8+.} 104. Kc7 Rf8 105. Rd8 Rxd8 {[%emt 0:00:04][%mdl 64] [#] Remove Defender} 106. Kxd8 Kh8 107. Ke8 Kg8 108. Ke7 $2 (108. Kd7 $16) 108... Kh8 $18 109. h6 $2 (109. Kd7 $18 Kg8 110. Ke6) 109... Kg8 $11 110. h7+ Kh8 {[%emt 0:00:04] Weighted Error Value: White=0.03 (flawless) /Black=0.05 (flawless)} 1/2-1/2

[Event "Arsen Yeghiazaryan Memorial 2022"]
[Site "Yerevan"]
[Date "2022.07.06"]
[Round "6.3"]
[White "Nazari, Arad"]
[Black "Atakhan, Abtin"]
[Result "1/2-1/2"]
[WhiteElo "2401"]
[BlackElo "2344"]
[Annotator "TA"]
[PlyCount "42"]
[EventDate "2022.06.30"]
[EventType "tourn"]
[EventCountry "ARM"]
[SourceTitle "playchess.com"]
[Source "ChessBase"]
[SourceQuality "1"]
[TimeControl "40/5400+30:1800+30"]

1. e4 c5 2. Nf3 d6 3. d4 cxd4 4. Nxd4 Nf6 5. Nc3 a6 6. Be3 Ng4 7. Bc1 Nf6 8. Be3 Ng4 9. Bc1 Nf6 10. Nb1 $2 {[%emt 0:00:35] [#] 10.a4 is setting a new trend. B90: Sicilian Najdorf: Unusual White 6th moves, 6 Be3 Ng4 and 6 Be3 e5.} (10. Bg5 $11) {Predecessor:} 10... e6 $146 11. b4 Be7 12. Ne2 O-O 13. Bd2 Nbd7 14. b5 axb5 15. a4 bxa4 16. Ba5 Qxa5+ 17. c3 b5 18. Nc1 Bb7 19. Nd3 Bxe4 20. Nb2 Bxb1 21. Rxb1 Qxc3+ {½-½ (21) Tomilova,E (2256)-Truskavetsky,A (2371) Kerch 2021} 1/2-1/2

[Event "Arsen Yeghiazaryan Memorial 2022"]
[Site "Yerevan"]
[Date "2022.07.06"]
[Round "6.4"]
[White "Morchiashvili, Bachana"]
[Black "Alaverdyan, Gevorg"]
[Result "1/2-1/2"]
[ECO "E92"]
[WhiteElo "2305"]
[BlackElo "2336"]
[Annotator "TA"]
[PlyCount "86"]
[EventDate "2022.06.30"]
[EventType "tourn"]
[EventCountry "ARM"]
[SourceTitle "playchess.com"]
[Source "ChessBase"]
[SourceQuality "1"]
[TimeControl "40/5400+30:1800+30"]

1. d4 Nf6 2. c4 g6 3. Nc3 Bg7 4. e4 d6 5. Nf3 O-O 6. h3 e5 7. d5 Na6 8. Bg5 h6 9. Be3 Nc5 10. Nd2 a5 11. Be2 Nh7 {[%emt 0:02:10] 11...c6 is the modern continuation.} 12. h4 h5 {[%emt 0:09:08] has lost popularity (12...f5). E92: King's Indian: Classical: 6 Be2 e5: 7 dxe5, 7 Be3 and Petrosian System without 7...Nbd7.} 13. Qc2 b6 {[%emt 0:04:03] [#]} 14. O-O-O $146 ({Predecessor:} 14. b3 f5 15. f3 Nf6 16. Bg5 Qe8 17. Be3 Kh7 18. a3 Qf7 19. Rb1 fxe4 20. Bxc5 bxc5 21. Ndxe4 Nxe4 22. Nxe4 {½-½ (46) Margvelashvili,G (2459)-Wan,Y (2327) Acri 2006}) 14... f5 {White is slightly better.} 15. exf5 Bxf5 16. Nde4 Nf6 17. Bxc5 bxc5 (17... dxc5 18. Bd3 $14) 18. Bd3 Bh6+ 19. Kb1 Ng4 ({Black should try} 19... Rb8 $14) 20. Rde1 Rb8 21. f3 Ne3 22. Qf2 Bxe4 ({Black should play} 22... Ng4 23. fxg4 Bxe4) 23. Nxe4 $16 Nf5 24. g4 $1 hxg4 (24... Nd4 $16) 25. fxg4 $18 Nd4 26. Qg2 {[%emt 0:00:40] aiming for g5.} Rf3 27. g5 Bg7 {[%emt 0:02:59] [#]} 28. Rd1 (28. h5 $1 $18) 28... a4 $16 {[%emt 0:13:27] [#]} 29. Bc2 (29. Rh3 $1 $16 Qf8 30. h5) 29... Rf4 $11 30. h5 {[%emt 0:05:06][%cal Bh4h5,Bh5h6][%mdl 32] Hoping for Bd3.} Nxc2 ({Weaker is} 30... a3 31. b3 $16) (30... Qc8 $11) 31. Qxc2 $16 Qc8 $2 (31... a3 $16 {keeps fighting.} 32. b3 Qd7) 32. h6 $18 ({Inferior is} 32. hxg6 Qf5 33. Rhe1 a3 $11) 32... Bf8 33. Nf6+ Kf7 34. Rdf1 {[%emt 0:02:18][%cal Of6h5] Black must now prevent Nh5!} (34. Qxa4 Be7 $16) 34... Qf5 {[%emt 0:00:03] [#]} 35. Rxf4 Qxf4 36. Qxa4 $40 {[%emt 0:00:55][%mdl 128] White has some attack. Dancing on a razor blade.} (36. Nd7 $18 Qf3 37. Rg1 (37. Nxb8 Qxh1+ 38. Qc1 Qxc1+ 39. Kxc1 Be7 $17)) 36... Be7 $14 37. Qd7 {[%emt 0:01:56] Threatening mate with Qe6+.} Rxb2+ $1 {[%emt 0:00:42][%mdl 64] Decoy. The position is equal.} 38. Kxb2 Qd2+ 39. Kb3 Qd3+ 40. Kb2 Qd2+ 41. Ka1 Qc3+ 42. Kb1 Qd3+ 43. Kc1 Qc3+ {[%emt 0:00:03] Black escapes into a draw.  Weighted Error Value: White=0.26 (precise) /Black=0.24 (precise)} 1/2-1/2

[Event "Arsen Yeghiazaryan Memorial 2022"]
[Site "Yerevan"]
[Date "2022.07.06"]
[Round "6.5"]
[White "Hayrapetyan, Hovik"]
[Black "Agasarov, Benik"]
[Result "1-0"]
[ECO "D02"]
[WhiteElo "2481"]
[BlackElo "2225"]
[Annotator "TA"]
[PlyCount "43"]
[EventDate "2022.06.30"]
[EventType "tourn"]
[EventCountry "ARM"]
[SourceTitle "playchess.com"]
[Source "ChessBase"]
[SourceQuality "1"]
[TimeControl "40/5400+30:1800+30"]

1. d4 Nf6 2. Nf3 d5 3. Bf4 c5 4. c3 Nc6 5. e3 Bg4 6. h3 {[%emt 0:04:26] D02: 1 d4 d5 2 Nf3 sidelines, including 2...Nf6 3 g3 and 2...Nf6 3 Bf4.} Bh5 7. g4 Bg6 8. dxc5 {[%emt 0:00:04] [#] White has an edge.} h5 $146 ({Predecessor:} 8... a5 9. Bb5 Be4 10. Nbd2 Nd7 11. Nxe4 dxe4 12. Ne5 Ndxe5 13. Bxe5 Qxd1+ 14. Rxd1 e6 {1-0 (34) Mikadze,M (2329)-Motycakova,M (2087) Gaziantep 2012}) 9. g5 Nd7 {[%emt 0:00:07] [#]} 10. b4 $1 ({Reject} 10. Qxd5 e6 11. Qd1 Nxc5 $11) 10... e5 11. Bh2 d4 (11... e4 $16 {might work better.}) 12. exd4 $18 exd4 13. Nxd4 ({Don't play} 13. Qe2+ $6 Be7 $14) 13... Be7 (13... Qxg5 {keeps fighting.} 14. Rg1 Qe7+ 15. Be2 (15. Qe2 Qxe2+ 16. Kxe2 Be7 $16) 15... Nxd4 16. Qxd4 Rd8) 14. Nxc6 bxc6 15. Bg2 {[%emt 0:00:04] Against Be4} Qc8 16. O-O O-O 17. h4 a5 18. Re1 Re8 19. Bh3 Ra7 20. Nd2 axb4 21. cxb4 Qa8 22. Nc4 {[%emt 0:00:35] Black got outplayed after the opening.  Weighted Error Value: White=0.05 (flawless) /Black=0.35} 1-0

[Event "Arsen Yeghiazaryan Memorial 2022"]
[Site "Yerevan"]
[Date "2022.07.07"]
[Round "7.1"]
[White "Agasarov, Benik"]
[Black "Piliposyan, Robert"]
[Result "1/2-1/2"]
[ECO "E21"]
[WhiteElo "2225"]
[BlackElo "2287"]
[Annotator "RC"]
[PlyCount "41"]
[EventDate "2022.06.30"]
[EventType "tourn"]
[EventCountry "ARM"]
[SourceTitle "playchess.com"]
[Source "ChessBase"]
[SourceQuality "1"]
[TimeControl "40/5400+30:1800+30"]

1. d4 Nf6 2. c4 e6 3. Nc3 Bb4 4. Nf3 b6 5. Bd2 Bb7 6. g3 c5 7. dxc5 Bxc5 8. Bg2 Ne4 9. Nxe4 Bxe4 10. Bc3 O-O 11. b4 Be7 12. O-O d5 13. cxd5 Qxd5 14. Qd4 Qxd4 15. Nxd4 Bxg2 16. Kxg2 Rc8 17. Rac1 Nc6 18. a3 a5 19. Nxc6 Rxc6 20. Bd2 Rac8 21. Rxc6 1/2-1/2

[Event "Arsen Yeghiazaryan Memorial 2022"]
[Site "Yerevan"]
[Date "2022.07.07"]
[Round "7.2"]
[White "Atakhan, Abtin"]
[Black "Morchiashvili, Bachana"]
[Result "1-0"]
[ECO "E73"]
[WhiteElo "2344"]
[BlackElo "2305"]
[Annotator "RC"]
[PlyCount "71"]
[EventDate "2022.06.30"]
[EventType "tourn"]
[EventCountry "ARM"]
[SourceTitle "playchess.com"]
[Source "ChessBase"]
[SourceQuality "1"]
[TimeControl "40/5400+30:1800+30"]

1. d4 Nf6 2. c4 g6 3. Nc3 Bg7 4. e4 d6 5. Be2 O-O 6. Be3 c5 7. d5 e6 8. Nf3 exd5 9. cxd5 Bg4 10. Nd2 Bxe2 11. Qxe2 Na6 12. O-O Nc7 13. a4 Re8 14. Kh1 a6 15. a5 Re7 16. Qd3 h6 17. Nc4 Nb5 18. e5 dxe5 19. Bxc5 Rd7 20. Nxe5 Nxc3 21. Bb6 Rxd5 22. Bxd8 Nfe4 23. Qf3 Rxe5 24. Bc7 Rf5 25. Qe3 Nxf2+ 26. Rxf2 Nd5 27. Qd2 Nxc7 28. Rxf5 gxf5 29. Qd7 Bxb2 30. Rb1 Be5 31. Rxb7 Rf8 32. Rxc7 Bxc7 33. Qxc7 Re8 34. g3 Re6 35. Qf4 Rf6 36. g4 1-0

[Event "Arsen Yeghiazaryan Memorial 2022"]
[Site "Yerevan"]
[Date "2022.07.07"]
[Round "7.3"]
[White "Alaverdyan, Gevorg"]
[Black "Hayrapetyan, Hovik"]
[Result "0-1"]
[ECO "B90"]
[WhiteElo "2336"]
[BlackElo "2481"]
[Annotator "TA"]
[PlyCount "110"]
[EventDate "2022.06.30"]
[EventType "tourn"]
[EventCountry "ARM"]
[SourceTitle "playchess.com"]
[Source "ChessBase"]
[SourceQuality "1"]
[TimeControl "40/5400+30:1800+30"]

1. e4 c5 2. Nf3 d6 3. d4 cxd4 4. Nxd4 Nf6 5. Nc3 a6 6. Nb3 b5 {[%emt 0:11:00] B90: Sicilian Najdorf: Unusual White 6th moves, 6 Be3 Ng4 and 6 Be3 e5.} 7. a4 b4 8. Nd5 e6 {[%emt 0:03:01] White is slightly better.} 9. Nxf6+ (9. Nxb4 Nxe4 10. Be3 Bb7 $11) 9... Qxf6 10. Bd3 Nc6 {[%emt 0:03:27] [#]} 11. O-O $146 ({Predecessor:} 11. a5 Be7 12. f4 Bb7 13. O-O Nd4 14. Nxd4 Qxd4+ 15. Kh1 O-O 16. Qe2 Qc5 17. Bd2 {1-0 (33) Guimaraes,W (2230)-Barreiros da Silva,D (1988) Florianopolis 2020}) 11... Qd8 12. Qg4 Ne5 13. Qg3 Nxd3 14. cxd3 a5 (14... h5 $11) 15. Bd2 (15. Bg5 $16 f6 16. Be3) 15... h5 $11 16. Bg5 Qb6 (16... h4 $11 17. Bxd8 hxg3 18. Bxa5 gxh2+ 19. Kh1 Rh4) 17. Rfc1 e5 (17... h4 $1 $14 18. Bxh4 f6) 18. Nd2 ({Better is} 18. d4 $1) 18... Be6 $16 19. Nc4 (19. h4 $14) 19... Qa6 20. h4 Rb8 21. Be3 f6 22. f4 (22. Nd2 {is interesting.} Kf7 23. d4 Be7 24. d5) 22... Bg4 23. d4 Be7 24. fxe5 dxe5 25. dxe5 O-O 26. exf6 Bxf6 27. e5 Be7 28. b3 (28. Nd6 $14) 28... Rbd8 $11 {[%emt 0:01:20][%mdl 1024] Black has compensation.} 29. Bb6 Rd5 30. Re1 Qc8 31. Kh1 (31. Bxa5 Bc5+ 32. Re3 Rd3 33. Bxb4 Rxe3 34. Nxe3 Bxb4 35. Nxg4 hxg4 $19) 31... Qd7 32. Bf2 ({Don't take} 32. Bxa5 Be6 33. Bb6 (33. Nb6 Qa7 $14) 33... Rd3) (32. Kh2 $11 {keeps the balance.}) 32... Rd3 $17 33. Re3 Rd1+ (33... Rd4 $1 $17 {Threatens to win with ...Rdf4.} 34. Ree1 Rd3) 34. Rxd1 (34. Re1 $1 $11 Rd3 35. Re3) 34... Qxd1+ 35. Re1 Qc2 36. Kg1 {[%emt 0:08:07] [#]} (36. Bd4 $17 {was necessary.} Be6 37. Nxa5) 36... Be6 $1 $19 {[%emt 0:00:26] This bishop pair is nice.} 37. Qe3 $2 ({But not} 37. Nxa5 $2 {[#]} Rxf2 $1 38. Qxf2 Bc5 $19) (37. Bd4 {nothing else works.}) 37... Bxc4 38. bxc4 b3 {[%emt 0:00:12] White must now prevent ...b2.} 39. Qe2 Ba3 {[%emt 0:03:50] And now ...Qxe2 would win.} 40. Bd4 $2 (40. Qxc2 bxc2 41. Be3) 40... Qxe2 41. Rxe2 {[%emt 0:00:41][%mdl 4096] Endgame KRB-KRB} Rf4 $1 42. Bb2 Bc5+ 43. Kh2 Rxh4+ 44. Kg3 Rxc4 45. e6 Kf8 46. Rd2 Rxa4 {[%emt 0:04:17] ...Rg4+ is the strong threat.} 47. Rd7 Rg4+ 48. Kf3 a4 49. Rf7+ Ke8 {[%emt 0:00:12] Hoping for ...a3.} 50. Rb7 a3 51. Be5 Rb4 {[%emt 0:01:32] Black mates.} 52. Rxg7 b2 53. Bf6 b1=Q 54. Rg8+ Bf8 55. e7 Qf5+ {[%emt 0:00:15] Weighted Error Value: White=0.64/Black=0.18 (very precise)} 0-1